Cogmind - Beta 10.2 @@@ ROGUE MODE // 2021.02.07 @ 12:10:06 Player: CrossedViper Result: Destroyed by 8R-AWN with 8R-AWN's Boregun Performance ------------- Evolutions (0) 0 Regions Visited (3) 600 Robots Destroyed (20) 100 Value Destroyed (421) 421 Prototype IDs (23) 460 Alien Tech Used (0) 0 Bonus (300) 300 TOTAL SCORE: 1881 Bonus ------- Aligned with FarCom 300 Cogmind --------- Core Integrity 0/250 Matter 226/300 Energy 240/250 System Corruption 1% Temperature Cool (0) Movement Treading (160) Location -10/Exiles Parts ------- > --- POWER (1) -------- Ion Engine > --- PROPULSION (2) --- Light Treads > --- UTILITY (2) ------ Improved Heat Sink > --- WEAPON (2) ------- Guided Plasma Cannon Longsword +1 > --- INVENTORY (4) ---- (None) Peak State ------------ > --- POWER ------------ Ion Engine > --- PROPULSION ------- Light Treads Light Treads > --- UTILITY ---------- Heat Sink Improved Heat Sink > --- WEAPON ----------- Guided Plasma Cannon Longsword +1 > --- INVENTORY -------- Light Treads Light Treads Light Treads [Rating: 23] Favorites ----------- Power Ion Engine Engine Ion Engine Power Core Light Nuclear Core Propulsion Light Treads Treads Light Treads Leg Aluminum Leg Utility Large Storage Unit Device Heat Sink Storage Large Storage Unit Weapon EM Pulse Gun Energy Gun EM Pulse Gun Energy Cannon Beam Cannon Ballistic Gun Light Assault Rifle Slashing Weapon Longsword +1 Build | -11 -10 -10 -10 ------- Run | Scr Mat Min Exi Slots Evolved . | . . . . Power . | . . . . Propulsion . | . . . . Utility . | . . . . Weapon . | . . . . Parts Attached 25 | . 7 3 15 Power 3 | . 1 1 1 Engine 2 | . . 1 1 Core 1 | . 1 . . Reactor . | . . . . Propulsion 5 | . 2 . 3 Treads 5 | . 2 . 3 Leg . | . . . . Wheel . | . . . . Hover . | . . . . Flight . | . . . . Utility 8 | . 3 . 5 Device 3 | . 1 . 2 Storage 5 | . 2 . 3 Processor . | . . . . Hackware . | . . . . Protection . | . . . . Artifact . | . . . . Weapon 9 | . 1 2 6 Energy Gun . | . . . . Energy Cannon 5 | . 1 2 2 Ballistic Gun 2 | . . . 2 Ballistic Cannon . | . . . . Launcher . | . . . . Special Weapon . | . . . . Impact Weapon . | . . . . Slashing Weapon 2 | . . . 2 Piercing Weapon . | . . . . Special Melee Weapon . | . . . . Unidentified Prototypes . | . . . . Parts Lost 9 | . . 2 7 Power 2 | . . 1 1 Propulsion 3 | . . . 3 Utility 1 | . . . 1 Weapon 3 | . . 1 2 Highest Loss Streak 5 | . . 1 5 Average Slot Usage (%) 93 | . 95 99 88 Engine 10 | . 3 11 13 Core 3 | . 10 2 . Treads 27 | . 24 28 27 Device 2 | . 5 . 4 Storage 19 | . 18 28 13 Energy Gun 13 | . 16 14 11 Energy Cannon 13 | . 11 13 13 Naked Turns . | . . . . Heaviest Build 90 | 12 42 42 90 Greatest Support 40 | 20 40 40 40 Greatest Overweight (x) 2 | . 1 1 2 Average Overweight (x) . | . . . 1 Largest Inventory Capacity 24 | . 16 16 24 Average Capacity 15 | . 9 16 18 Most Carried 24 | . 15 16 24 Average Carried 14 | . 8 15 16 Final Capacity 16 | 6 16 16 4 Final Carried 16 | 6 15 16 . Class Distribution -------------------- 68% | Mutant 28% | Hauler-Mutant Dominant Class ---------------- Mutant | -10/Materials Mutant | -10/Mines Hauler-Mutant | -10/Exiles Resources | -11 -10 -10 -10 ----------- Run | Scr Mat Min Exi Matter Collected 331 | 200 70 30 31 Remotely . | . . . . Salvage Created 778 | . 349 353 76 Parts 40 | . 19 21 . Haulers Intercepted 2 | . 2 . . Recyclers Shooed 1 | . . 1 . Parts Field Recycled . | . . . . Retrieved Matter . | . . . . Parts Self-Destructed . | . . . . Prevented . | . . . . Kills | -11 -10 -10 -10 ------- Run | Scr Mat Min Exi Combat Hostiles Destroyed 23 | . 4 13 6 Guns 6 | . . 6 . Cannons 17 | . 4 7 6 Classes Destroyed 5 | . 3 1 1 Hauler 2 | . 2 . . Watcher 1 | . 1 . . Swarmer 9 | . . 9 . Grunt 8 | . 4 4 . Assembled 6 | . . . 6 Best Kill Streak 6 | . 2 4 6 Combat Bots Only 6 | . 2 4 6 Max Kills in Single Turn 1 | . 1 1 1 Gunslinging . | . . . . Exploded . | . . . . Melee . | . . . . Uniques/NPCs Destroyed . | . . . . Combat | -11 -10 -10 -10 -------- Run | Scr Mat Min Exi Damage Taken 1471 | . 42 397 1032 Core 256 | . 10 52 194 Absorbed by Shields . | . . . . Core Remaining (%) 100 | 100 . . . Volleys Fired 53 | . 13 24 16 Largest 2 | . 2 2 1 Hottest 120 | . 100 100 120 Shots Fired 90 | . 26 48 16 Gun 39 | . 15 24 . Cannon 51 | . 11 24 16 Launcher . | . . . . Special . | . . . . Kinetic . | . . . . Thermal 53 | . 13 24 16 Explosive . | . . . . Electromagnetic 37 | . 13 24 . Robot Hit Streak 16 | . 16 8 15 Robot Miss Streak 3 | . 1 3 . Penetration Max . | . . . . Secondary Targets . | . . . . Shots Hit Robots 88 | . 22 29 37 Core Hits 33 | . 10 16 7 Critical Hits 1 | . . . 1 Critical Kills . | . . . . Critical Parts Destroyed . | . . . . Melee Attacks 24 | . . . 24 Impact . | . . . . Slashing 24 | . . . 24 Piercing . | . . . . Sneak Attacks . | . . . . Combat Hostiles . | . . . . Follow-up Attacks . | . . . . Damage Inflicted 2395 | . 349 473 1573 Guns 417 | . 188 229 . Cannons 865 | . 161 182 522 Explosions 31 | . . 31 . Melee 1051 | . . . 1051 Ramming 31 | . . 31 . Kinetic . | . . . . Thermal 906 | . 171 213 522 Explosive . | . . . . Electromagnetic 407 | . 178 229 . Impact . | . . . . Slashing 1051 | . . . 1051 Piercing . | . . . . Highest Corruption 1 | . 1 1 1 Average Corruption 1 | . 1 1 1 Corruption Purged . | . . . . Effects 21 | . 5 6 10 Message Errors 10 | . 1 4 5 Energy Discharges 4 | . . 2 2 Data Loss (minor) 7 | . 4 . 3 Overload Shots . | . . . . Overflow Damage 90 | . . . 90 Projectiles 90 | . . . 90 Explosions . | . . . . Melee . | . . . . Knockbacks . | . . . . Impact . | . . . . Kinetic . | . . . . Secondary . | . . . . Self-Inflicted Damage 22 | . . 22 . Shots 1 | . . 1 . Rammed 5 | . . 5 . Targets Rammed 5 | . . 5 . Kicked . | . . . . Crushed . | . . . . Highest Temperature 282 | . 117 282 278 Average Temperature 100 | . 35 119 119 Received Heat Transfer 218 | . 24 54 140 Siege Activations . | . . . . Robots Corrupted . | . . . . Combat Hostiles . | . . . . Parts Fried 1 | . 1 . . Impact Corruptions . | . . . . Robots Melted . | . . . . Combat Hostiles . | . . . . Parts Melted 1 | . . 1 . Heat Transferred 1978 | . 358 420 1200 Parts Sabotaged . | . . . . Parts Stolen . | . . . . Parts Stripped . | . . . . Power Chain Reactions 2 | . . 2 . Missiles Intercepted . | . . . . Alert | -11 -10 -10 -10 ------- Run | Scr Mat Min Exi Peak Influence 347 | . 158 347 . Initial 61 | . . 61 . Average 123 | . 76 158 . Maximum Alert Level 1 | . . 1 . Low Security (%) 78 | . 100 63 . Level 1 21 | . . 36 . Level 2 . | . . . . Level 3 . | . . . . Level 4 . | . . . . Level 5 . | . . . . High Security . | . . . . Max Security . | . . . . Squads Dispatched 3 | . 3 . . Investigation 2 | . 2 . . Extermination . | . . . . Reinforcement 1 | . 1 . . Assault . | . . . . Garrison . | . . . . Intercept . | . . . . Construction Impeded . | . . . . Haulers Reinforced . | . . . . Stealth | -11 -10 -10 -10 --------- Run | Scr Mat Min Exi Distress Signals . | . . . . Communications Jammed . | . . . . Distress Signals . | . . . . Times Spotted 31 | . 8 15 8 Peak Tracking Total 9 | . 2 6 9 Tactical Retreats 3 | . 1 2 . Traps | -11 -10 -10 -10 ------- Run | Scr Mat Min Exi Traps Triggered 1 | . . 1 . Indirectly . | . . . . Trap Hack Attempts . | . . . . Triggered . | . . . . Disarmed . | . . . . Reprogrammed . | . . . . Reused . | . . . . Traps Extracted . | . . . . Installed . | . . . . Triggered . | . . . . Machines | -11 -10 -10 -10 ---------- Run | Scr Mat Min Exi Machines Disabled 1 | . . . 1 Max in Single Turn 1 | . . . 1 Machines Sabotaged . | . . . . Garrisons Compromised . | . . . . Overloaded Fab Kills . | . . . . Fab Network Shutdowns . | . . . . Hacking | -11 -10 -10 -10 --------- Run | Scr Mat Min Exi Machines Accessed 7 | . 4 1 2 Terminals 3 | . 3 . . Fabricators . | . . . . Repair Stations . | . . . . Recycling Units 1 | . 1 . . Scanalyzers . | . . . . Garrison Access . | . . . . Total Hacks 17 | . 14 1 2 Successful 7 | . 4 1 2 Failed 9 | . 9 . . Catastrophic 3 | . 3 . . Database Lockouts 1 | . 1 . . Manual 16 | . 15 . 1 Terminals 12 | . 12 . . Fabricators . | . . . . Repair Stations . | . . . . Recycling Units 2 | . 2 . . Scanalyzers . | . . . . Garrison Access . | . . . . Terminal Hacks 6 | . 3 1 2 Record 1 | . . . 1 Robot Analysis 2 | . 2 . . Open Door 1 | . . 1 . Branch Access Points 1 | . 1 . . EX-Prototype ID Bank 1 | . . . 1 Fabricator Hacks . | . . . . Repair Station Hacks . | . . . . Recycling Unit Hacks . | . . . . Scanalyzer . | . . . . Garrison Access Hacks . | . . . . Unauthorized Hacks 1 | . 1 . . Terminals . | . . . . Fabricators . | . . . . Repair Stations . | . . . . Recycling Units 1 | . 1 . . Tunnel 1 | . 1 . . Scanalyzers . | . . . . Garrison Access . | . . . . Data Cores Recovered . | . . . . Used . | . . . . Hacking Detections 3 | . 3 . . Full Trace Events 1 | . 1 . . Feedback Events 1 | . 1 . . Corruption 1 | . 1 . . Feedback Blocked . | . . . . Robot Schematics Acquired . | . . . . Robots Built . | . . . . Matter . | . . . . Time . | . . . . Total Robot Build Rating . | . . . . Part Schematics Acquired . | . . . . Parts Built . | . . . . Matter . | . . . . Time . | . . . . Total Part Build Rating . | . . . . Parts Repaired . | . . . . Time . | . . . . Parts Recycled . | . . . . Recycled Matter . | . . . . Retrieved Matter . | . . . . Retrieved Components . | . . . . Parts Scanalyzed . | . . . . Part Schematics Acquired . | . . . . Parts Damaged . | . . . . Bothacking | -11 -10 -10 -10 ------------ Run | Scr Mat Min Exi Used RIF Installer . | . . . . Robots Hacked . | . . . . Non-combat . | . . . . Combat . | . . . . Robot Hacks Applied . | . . . . Relay Couplers Released . | . . . . Robots Rewired . | . . . . Allies Hacked . | . . . . Hacks Repelled . | . . . . Allies | -11 -10 -10 -10 -------- Run | Scr Mat Min Exi Total Allies 2 | . . 2 . Largest Group 2 | . . 2 . Highest-Rated Group 41 | . . 41 . Highest-Rated Ally 31 | . . 31 . Total Orders . | . . . . Ally Attacks 6 | . . 6 . Total Damage 105 | . . 105 . Kills . | . . . . Allies Corrupted . | . . . . Allies Melted . | . . . . Intel | -11 -10 -10 -10 ------- Run | Scr Mat Min Exi Robot Analysis Total 2 | . 2 . . Derelict Logs Recovered 1 | . . 1 . Drone Launches . | . . . . Drone Recoveries . | . . . . Exploration | -11 -10 -10 -10 ------------- Run | Scr Mat Min Exi Turns Passed 2962 | . 704 943 1315 Spaces Moved 1405 | 1 394 473 537 Core . | . . . . Treads 1332 | . 322 473 537 Legs 73 | 1 72 . . Wheels . | . . . . Hover . | . . . . Flight . | . . . . Fastest Speed 120 | 120 120 160 160 Average Speed 177 | 120 158 179 189 Slowest Speed 200 | 120 180 180 200 Overloaded Moves . | . . . . Propulsion Burnouts . | . . . . Robots Hopped . | . . . . Cave-ins Triggered . | . . . . Exploration Rate (%) 54 | 2 57 90 69 Regions Visited 3 Branch Regions 2 Pre-discovered Areas 2 | . 1 . 1 Known Exits Taken 1 | . 1 . . Unknown Exits Taken 2 | 1 . 1 . Scrap Searched 1 | . . 1 . Spaces Dug . | . . . . Terrain Destroyed 11 | . . 11 . Melee . | . . . . Projectile . | . . . . AOE 11 | . . 11 . Terrain Rammed . | . . . . Walls Destroyed . | . . . . Machines Disabled . | . . . . Actions | -11 -10 -10 -10 --------- Run | Scr Mat Min Exi Total 1763 | . 448 516 799 Wait 160 | . 12 4 144 Move 1402 | . 393 472 537 Hop . | . . . . Pick Up 67 | . 15 5 47 Fast Attach 9 | . 2 . 7 Attach 8 | . 2 2 4 Detach . | . . . . Swap 8 | . 3 1 4 Drop 27 | . 8 3 16 Fire 53 | . 13 24 16 Melee 24 | . . . 24 Ram . | . . . . Kick . | . . . . Crush 5 | . . 5 . Escape Stasis . | . . . . Rewire . | . . . . Trap . | . . . . Miscellaneous . | . . . . Route ------- -11/Scrapyard -10/Materials (discovered 2 exits: [*Mat] / *Min) -10/Mines (discovered 3 exits: [*Mat x2] / *Exi) -10/Exiles History --------- Turn | Location | Event 1 | -11/Scrapyard | Discovered new exit (range 0) 1 | -11/Scrapyard | Entered Materials 51 | -10/Materials | Central database locked down 257 | -10/Materials | Discovered new exit (range 15) 301 | -10/Materials | Build established: Mutant 667 | -10/Materials | Identified exit to Mines 705 | -10/Materials | Entered Mines 729 | -10/Mines | Learned location of 1 exit from Materials 764 | -10/Mines | Discovered new exit (range 12) 988 | -10/Mines | Deemed a non-threat by the Exiles lab entrance 988 | -10/Mines | Discovered new exit (range 5) 1178 | -10/Mines | Discovered new exit (range 3) 1190 | -10/Mines | Met a Derelict who couldn't figure out how to use a Trap Extractor 1648 | -10/Mines | Entered Exiles 1692 | -10/Exiles | Met 8R-AWN 1724 | -10/Exiles | Met EX-HEX 1801 | -10/Exiles | Learned location of Zion (-6) 1803 | -10/Exiles | Met EX-DEC 2175 | -10/Exiles | Build established: Hauler-Mutant 2338 | -10/Exiles | Met EX-BIN 2366 | -10/Exiles | Aligned with FarCom system 2368 | -10/Exiles | Given EX-Vault access code 2416 | -10/Exiles | Opened EX-Vault 2430 | -10/Exiles | Found Gui. Plasma Cannon 2435 | -10/Exiles | Found Longsword +1 2440 | -10/Exiles | Found Superbattery 2479 | -10/Exiles | Warned to stay clear of 0b10 Research branches 2823 | -10/Exiles | Attacked by the Exiles 2863 | -10/Exiles | Core integrity fell below 50% 2923 | -10/Exiles | Core integrity fell below 20% 2963 | -10/Exiles | Destroyed by 8R-AWN with 8R-AWN's Boregun Last Messages --------------- 02933_ Penetrated by HV Slug. 02935_ Lgt. Assault Rifle destroyed. 02935_ Penetrated by HV Slug. 02940_ Critical hit. 02940_ Lgt. Treads destroyed. 02940_ Penetrated by HV Slug. 02942_ Lgt. Treads destroyed. 02942_ Penetrated by HV Slug. 02943_ 8R-AWN Adv. Weapon Cycler severed. 02944_ HV Slug penetrates Machine. 02944_ HV Slug penetrates Wall. 02944_ Penetrated by HV Slug. 02944_ HV Slug penetrates Wall. 02947_ Penetrated by HV Slug. 02956_ HV Slug penetrates Machine. 02959_ Penetrated by HV Slug. 02963_ HV Slug penetrates Machine. 02963_ Machine disabled. 02963_ HV Slug penetrates Wall. 02963_ Penetrated by HV Slug. Map ----- +----------------------------------------------------+ | ?????????????????????????????????????????????????? | | ?????????????????????????????????????????????????? | | ?????????????????????????????????????????????????? | | ?????????????????????????????????????????????????? | | ?????????????????????????????????????????????????? | | ?????????????????????????????????????????????????? | | ?????????????????????????????????????????????????? | | ?????????????????????????????????????????????????? | | ??????????? ?????????????????????????????????????? | | ?????????? ????????????????????????????????????? | | ??????????# ???????????????????????????????????? | | ??????????# ??????????????????????????????????? | | ???????????# ??????????????#######????????????? | | ???????????# #######??????#!!! "#????????????? | | ???????????# #""##?????# "#????????????? | | ????????????# #?????# "#????????????? | | ????????????##" ##???## ""#????????????# | | ????????????#"" #####" ""#???????????? | | ???????????????# !! =##" ""#???????????"" | | ???????????????## * #"" #????????????#"" | | ????????????????#"## !! [!] #????????????#"" | | ???????????????????#### [ ! /! ##???????????#"" | | ??????????????????????###[ ]% "#???????????? | | ????????????????#######; /%!% ###???????????" | | ????????????????# ! """" %!% ##??????????# | | ?????????? ;! @g"###"" ######???### | | ????????????????#! "#?##" ""#####X# | | ????????????????#! ##??#" | | ????????????????# """"" ###???#"# | | ????????????????##########?????#### | | ??????????????????????????????????### | | ????????????????????????????????????### | | ??????????????????????????????????????## | | ???????????????????????????????????????## | | ????????????????????????????????????????##" | | ?????????????????????????????????????????#""" | | ????????????????????????????????????????##" | | ????????????????????????????????????????#"" | | ????????????????????????????????????????#""" | | ???????????????????????????????????????#""" | | ???????????????????????????????????????#""" | | ???????????????????????????????????????#"" | | ???????????????????????????????????????#""" | | ???????????????????????????????????????#"" | | ???????????????????????????????????????##"" | | ????????????????????????????????????????#"""" | | ????????????????????????????????????????## | | ?????????????????????????????????????????#" | | ?????????????????????????????????????????#"""" | | ?????????????????????????????????????????#"" | +----------------------------------------------------+ Best States ------------- Heat Dissipation 49 Energy Generation 14 Energy Capacity 250 Matter Stores 340 Matter Capacity 350 Sight Range 16 Terrain Scan Density 10 Evasion (%) 40 Recoil Reduction 2 Item Schematics ----------------- None Robot Schematics ------------------ None Fabricated ------------ Nothing Alien Tech Used ----------------- None Achievements -------------- None Challenges ------------ None Game ------ Seed BladeHardlightDesublimator Manual? 0 Play Time 00:14:47 Cumulative 296.0 hours Start 2021.02.07 @ 11:57:30 End 2021.02.07 @ 12:10:06 Sessions 1 Manual Loads 0 Difficulty Rogue Special Mode None Game No. 250 Rogue 243 Adventurer 0 Explorer 7 Win Type - Total 9 Types 3/0/6/0/0/0/0/0/0 Lore% 75 Gallery% 91 Achievement% 72 Wizard Run 0 Options --------- ASCII 0 Keyboard 0 Movement Numpad Keybinds 0 Fullscreen 1 Font 18/X11Bold Map View 76x50 Tactical HUD 1 Map Filters NONE Filters NONE Steam 1 RUN: ec0284a8-b936-4848-9700-4d52fdd43f54